 Dungeon Crawl Stone Soup version 0.20.0-10-g0535bb4 (webtiles) character file.

2260 vatarom the Destroyer (level 9, -3/45 HPs)
             Began as a Tengu Air Elementalist on June 4, 2017.
             Was an Initiate of Sif Muna.
             Slain by a hippogriff (8 damage)
             ... on level 7 of the Dungeon.
             The game lasted 00:24:32 (8272 turns).

vatarom the Destroyer (Tengu Air Elementalist)      Turns: 8272, Time: 00:24:32

Health: -3/45      AC:  4    Str:  9    XL:     9   Next: 38%
Magic:  18/19      EV: 13    Int: 18    God:    Sif Muna [......]
Gold:   348        SH:  0    Dex: 15    Spells: 5/20 levels left

rFire    . . .     SeeInvis +   d - +2 spear (venom)
rCold    . . .     Gourm    .   (no shield)
rNeg     . . .     Faith    .   a - +1 robe
rPois    .         Spirit   .   (helmet restricted)
rElec    .         Reflect  .   (no cloak)
rCorr    +         Harm     +   u - +0 pair of gloves
MR       .....                  (boots unavailable)
Stlth    ++........             h - amulet of harm
Regen    0.2/turn               m - ring of see invisible
MPRegen  0.2/turn               r - ring of resist corrosion

@: no status effects
A: beak, talons 3, able to fly 1
a: Fly, Renounce Religion


You were on level 7 of the Dungeon.
You worshipped Sif Muna.
Sif Muna was noncommittal.
You were not hungry.

You visited 2 branches of the dungeon, and saw 8 of its levels.

You collected 348 gold pieces.

Inventory:

Hand Weapons
 d - a +2 spear of venom (weapon)
Armour
 a - a +1 robe (worn)
 u - a +0 pair of gloves (worn)
Jewellery
 h - an amulet of harm (around neck)
 m - a ring of see invisible (left hand)
 r - a ring of resist corrosion (right hand)
Wands
 k - a wand of flame (28/48)
 p - a wand of confusion (20/48)
 s - a wand of flame (30/48)
 x - a wand of lightning (9/15)
Scrolls
 c - a scroll of identify
 g - a scroll of recharging
 l - a scroll of teleportation
 o - a scroll of magic mapping
 t - a scroll of noise
 v - a scroll of enchant armour
 y - 2 scrolls of remove curse
 B - a scroll of blinking {unknown}
Potions
 e - a potion of resistance
 i - a potion of ambrosia
 n - a potion of lignification
 z - a potion of magic
 C - a potion of brilliance {unknown}
Books
 b - a book of Air

   Spells                             Type                      Level
   a - Shock                          Conjuration/Air              1
   b - Swiftness                      Charms/Air                   2
   c - Static Discharge               Conjuration/Air              3
   d - Airstrike                      Air                          4
   e - Lightning Bolt                 Conjuration/Air              5
Comestibles
 f - 7 fruits
 j - 2 royal jellies
 q - 4 meat rations


   Skills:
 - Level 2.1 Dodging
 - Level 2.0 Stealth
 * Level 6.4 Spellcasting
 - Level 9.8 Conjurations
 + Level 9.8 Air Magic


You had 5 spell levels left.
You knew the following spells:

 Your Spells              Type           Power        Failure   Level  Hunger
a - Shock                 Conj/Air       ####         1%          1    None
b - Swiftness             Chrm/Air       ###.....     2%          2    None
c - Static Discharge      Conj/Air       #####...     1%          3    ##.....
d - Airstrike             Air            #####.....   1%          4    ####...
e - Lightning Bolt        Conj/Air       #####.....   5%          5    #####..


Dungeon Overview and Level Annotations

Branches:
Dungeon (7/15)             Temple (1/1) D:7

Altars:
Elyvilon
Fedhas
Gozag
Hepliaklqana
Kikubaaqudgha
Makhleb
Nemelex Xobeh
Okawaru
Qazlal
Ru
Sif Muna
Uskayaw
Vehumet
Xom
The Shining One

Annotations:
D:7 1 runed door


Innate Abilities, Weirdness & Mutations

You have a beak for a mouth.
You have claws for feet.
You can fly.


Message History

The hippogriff closely misses you.
The hippogriff pecks you but does no damage.
The hippogriff claws you.
Casting: Airstrike
Confirm with . or Enter, or press ? or * to list all spells.
Aiming: Shock
Press: ? - help, Shift-Dir - straight line, f/p - hippogriff
Aim: a hippogriff (severely wounded, poisoned)
The zap hits the hippogriff.
The hippogriff is almost dead.
The hippogriff bites you. The hippogriff pecks you.
The hippogriff barely misses you.
You feel better. The hippogriff barely misses you. The hippogriff pecks you!
The hippogriff closely misses you.
You feel better. The hippogriff bites you. The hippogriff pecks you.
The hippogriff misses you. Magic courses through your body.
The hippogriff bites you!
* * * LOW HITPOINT WARNING * * *
The hippogriff pecks you!
You die...

....######.##..###.#### #.#.#
#....## #.# ....# ####.#
#.############## #.#.# #.#
#............... #.#.#
#.############.###### #.#.#
#.##.............# # #.#.#
#.............>#.# # .#..#
####.########....# # ###.# #@#
##.#.# # .#..# #H# #.#.####
#.#.##### #.# #......#
........########.# #......#
##.)........)....#########..#'#..
....##..##########..........'_'..
..#......... #.#######..#'#.)
#.#.##..#### #.# #......#
#.#.##..# ### ###.....


You could see a hippogriff.

Vanquished Creatures
  Sigmund (D:6)
  An orc warrior (D:7)
  A sky beast (D:7)
  3 ogres
  A phantom (D:5)
  A big kobold (D:7)
  3 bullfrogs
  3 scorpions
  3 wights (D:7)
  4 crimson imps
  A jelly (D:7)
  A centaur zombie (D:7)
  A hound (D:4)
  An orc priest (D:3)
  2 centaur skeletons
  5 orc wizards
  Jessica (D:3)
  Terence (D:3)
  3 iguanas (D:5)
  8 worker ants
  A hound zombie (D:7)
  A hound skeleton (D:6)
  A howler monkey skeleton (D:5)
  Robin (D:3)
  9 adders
  2 oozes (D:1)
  An adder zombie (D:5)
  6 worms
  6 leopard geckos
  14 orcs
  6 bats
  5 giant cockroaches
  8 hobgoblins
  6 jackals
  A quokka (D:7)
  2 ball pythons
  6 frilled lizards
  14 goblins
  A jackal zombie (D:5)
  7 kobolds
  7 rats
150 creatures vanquished.

Notes
Turn   | Place    | Note
-------+----------+-------------------------------------------
     0 | D:1      | vatarom the Tengu Air Elementalist began the quest for the Orb.
     0 | D:1      | Reached XP level 1. HP: 10/10 MP: 4/4
   146 | D:1      | Reached XP level 2. HP: 6/15 MP: 1/6
   399 | D:1      | Learned a level 2 spell: Swiftness
   520 | D:1      | Reached XP level 3. HP: 18/19 MP: 3/7
   894 | D:2      | Learned a level 3 spell: Static Discharge
  1321 | D:2      | Reached XP level 4. HP: 24/24 MP: 6/8
  1630 | D:2      | Noticed an ogre
  1937 | D:3      | Killed an ogre
  1937 | D:3      | Reached skill level 5 in Conjurations
  1937 | D:3      | Reached skill level 5 in Air Magic
  1937 | D:3      | Gained mutation: You can fly. [Tengu growth]
  1937 | D:3      | Reached XP level 5. HP: 15/28 MP: 6/9
  2370 | D:3      | Noticed Robin
  2383 | D:3      | Killed Robin
  2388 | D:3      | Reached XP level 6. HP: 21/32 MP: 2/10
  2531 | D:3      | Noticed Terence
  2536 | D:3      | Killed Terence
  2664 | D:3      | Found a white marble altar of Elyvilon.
  2667 | D:3      | Noticed Jessica
  2672 | D:3      | Killed Jessica
  2932 | D:3      | Found a shimmering altar of Xom.
  2933 | D:3      | Found a sacrificial altar of Ru.
  3523 | D:4      | Reached XP level 7. HP: 36/36 MP: 8/11
  4005 | D:4      | Learned a level 4 spell: Airstrike
  4153 | D:4      | Found a blossoming altar of Fedhas.
  4153 | D:4      | Found an ancient bone altar of Kikubaaqudgha.
  4845 | D:5      | Entered Level 5 of the Dungeon
  5020 | D:5      | Reached XP level 8. HP: 41/41 MP: 3/12
  6349 | D:6      | Noticed Sigmund
  6351 | D:6      | Killed Sigmund
  6696 | D:7      | Noticed a hippogriff
  6931 | D:7      | Learned a level 5 spell: Lightning Bolt
  6950 | D:7      | Reached skill level 5 in Spellcasting
  6997 | D:7      | Reached XP level 9. HP: 45/45 MP: 8/17
  7122 | D:7      | Found a staircase to the Ecumenical Temple.
  7131 | Temple   | Entered the Ecumenical Temple
  7148 | Temple   | Became a worshipper of Sif Muna the Loreminder
  7480 | D:7      | Found a white marble altar of Elyvilon.
  7646 | D:7      | Found a sparkling altar of Nemelex Xobeh.
  8125 | D:7      | Found a runed door.
  8272 | D:7      | Slain by a hippogriff

Skill      XL: |  1  2  3  4  5  6  7  8  9 |
---------------+----------------------------+-----
Conjurations   | 2 3 4 5 6 7 9 |  9.8
Air Magic      | 5 6 7 9 |  9.8
Spellcasting   | 5 6 |  6.4
Dodging        | |  2.1
Stealth        | |  2.0

Action                   |  1- 3 |  4- 6 |  7- 9 || total
-------------------------+-------+-------+-------++-------
Melee: Spear             |    54 |    53 |    56 ||   163
       Peck              |     8 |     9 |     8 ||    25
       Kick              |     3 |     4 |    15 ||    22
 Cast: Shock             |    39 |    58 |    85 ||   182
       Static Discharge  |       |     2 |     7 ||     9
       Airstrike         |       |       |    40 ||    40
       Lightning Bolt    |       |       |     3 ||     3
  Use: Scroll            |     5 |     1 |     7 ||    13
       Potion            |     4 |     2 |     3 ||     9
 Stab: Sleeping          |     1 |     1 |     3 ||     5
  Eat: Chunk             |     2 |     6 |    10 ||    18
       Bread ration      |       |     1 |     2 ||     3
       Fruit             |       |       |     4 ||     4
Armor: Robe              |    15 |     2 |    15 ||    32
Dodge: Dodged            |    32 |    25 |    36 ||    93
